 Dungeon Crawl Stone Soup version 0.31-a0-844-gdc52ec4e09 (webtiles) character file.

Game seed: 7580727567214917559

60 BinkBink the Shield-Bearer (level 4, -10/37 HPs)
             Began as a Formicid Fighter on Sept 30, 2023.
             Was an Initiate of Ru.
             Killed by divine providence
             ... invoked by an orc priest
              (14 damage)
             ... on level 3 of the Dungeon.
             The game lasted 00:03:56 (1231 turns).

BinkBink the Shield-Bearer (Formicid Fighter)       Turns: 1231, Time: 00:03:56

Health: -10/37     AC:  7    Str: 20    XL:     4   Next: 24%
Magic:  4/4        EV:  9    Int:  8    God:    Ru [......]
Gold:   56         SH:  5    Dex: 15    Spells: 3/3 levels left

rFire   . . .        a - +0 trident
rCold   . . .        c - +0 buckler
rNeg    . . .        b - +0 scale mail
rPois   .            (helmet unavailable)
rElec   .            (no cloak)
rCorr   .            (no gloves)
SInv    +            (no boots)
Will    .....        (no amulet)
Stlth   +            (no ring)
HPRegen 0.26/turn    (no ring)
MPRegen 0.09/turn

%: no passive effects
@: no status effects
A: permanent stasis, dig shafts and tunnels, antennae 3, four strong arms, no
forms
a: Dig, Shaft Self, Renounce Religion


You were on level 3 of the Dungeon.
You worshipped Ru.
Ru was noncommittal.
You visited 1 branch of the dungeon, and saw 3 of its levels.

You collected 56 gold pieces.

Inventory:

Hand Weapons
 a - a +0 trident (weapon)
Armour
 b - a +0 scale mail (worn)
 c - a +0 buckler (worn)
Jewellery
 e - a ring of protection from cold
Scrolls
 f - a scroll of identify {unknown}
 g - a scroll of fear {unknown}
Potions
 d - 2 potions of might


   Skills:
 + Level 3.7 Fighting
 + Level 2.5 Polearms
 + Level 3.7 Armour
 + Level 1.8 Stealth
 + Level 4.6 Shields


You had 3 spell levels left.
You didn't know any spells.
Your spell library was empty.

Dungeon Overview and Level Annotations

Branches:
Dungeon (3/15)

Altars:
Ru

Shops:
D:1 =

Annotations:
D:2 Sigmund


Innate Abilities, Weirdness & Mutations

You cannot be hasted, slowed, berserked, paralysed or teleported.
You can dig through walls and to a lower floor.
You have a pair of large antennae on your head. (SInv)
Your four strong arms can wield two-handed weapons with a shield.
You cannot voluntarily change form.


Message History

You start resting.
You sense a monster nearby.
You start resting.
An endoplasm is nearby!
The endoplasm quivers.
You puncture the endoplasm!
You kill the endoplasm!
No target in view!
An orc comes into view. It is wielding a +0 flail.
The orc shouts!
You hear a shout!
Items here: )))) †††.
You barely miss the orc.
An orc comes into view. It is wielding a +0 hand axe.
An orc priest comes into view. It is wielding a +0 club.
You block the orc's attack. The orc completely misses you.
The orc priest shouts!
You hit the orc but do no damage. The orc barely misses you.
You hit the orc but do no damage. You block the orc's attack.
You hit the orc but do no damage. The orc barely misses you.
You hit the orc.
The orc is lightly wounded.
The orc hits you but does no damage.
The orc priest invokes the aid of Beogh against you.
Beogh smites you! The orc closely misses you.
The orc priest calls down the wrath of Beogh upon you.
Beogh smites you!
* * * LOW HITPOINT WARNING * * *
You puncture the orc!
You kill the orc!
You closely miss the orc. You block the orc's attack.
The orc priest begins to cast a cantrip, but forgets the words!
You barely miss the orc. The orc barely misses you.
You closely miss the orc. You block the orc's attack.
The orc priest hits you with a +0 club.
* * * LOW HITPOINT WARNING * * *
You closely miss the orc priest. The orc hits you with a +0 hand axe.
* * * LOW HITPOINT WARNING * * *
The orc priest calls down the wrath of Beogh upon you.
Beogh smites you!
You die...

....?.. ## #.......
.. #.....#... #.
#.....#...
#..#####.........
.##.....##.o.......
#.......@##.....#..#
#.......oo).........
##......###.........
#......# ##........
#......####..####.#
#.........<.......#
#..................
..##...............
................


You could see an orc priest and an orc.

Vanquished Creatures
  An adder (D:2)
  A worm (D:2)
  A dart slug (D:1)
  3 orcs (D:3)
  6 endoplasms
  2 giant cockroaches
  5 goblins
  2 hobgoblins
  7 kobolds
  A quokka (D:1)
  2 ball pythons
  5 bats
  A frilled lizard (D:1)
  4 rats
41 creatures vanquished.

Notes
Turn   | Place    | Note
-------+----------+-------------------------------------------
     0 | D:1      | BinkBink the Formicid Fighter began the quest for the Orb.
     0 | D:1      | Reached XP level 1. HP: 18/18 MP: 1/1
   103 | D:1      | Reached XP level 2. HP: 24/24 MP: 2/2
   161 | D:1      | Reached skill level 1 in Stealth
   258 | D:1      | Found a faded altar of an unknown god.
   363 | D:1      | Prayed at the altar of an unknown god.
   363 | D:1      | Became a worshipper of Ru the Awakened
   378 | D:1      | Gained mutation: You cannot voluntarily change form. [Ru
                  | sacrifice]
   529 | D:1      | Reached XP level 3. HP: 29/29 MP: 3/3
   802 | D:1      | Found Uneyhesk's Jewellery Shop.
  1025 | D:2      | Reached XP level 4. HP: 37/37 MP: 4/4
  1090 | D:2      | Noticed Sigmund
  1231 | D:3      | Killed from afar by an orc priest

Illustrated notes

Levels and vault maps discovered:
D:1:      ncdulo_lavacross, layout_loops_cross,
          shapermc_ecumenical_altar_hornbeckon, serial_shops, shop,
          hangedman_abyss_or_decor_stabs, minmay_pentomino_r4
D:2:      layout_rooms, basic_altar, nicolae_figureground_pulse, uniq_sigmund
D:3:      layout_rooms, nicolae_overflow_hidden_temple, grunt_qazlal_clouds,
          hangedman_ru_absence

Skill      XL: |  1  2 |
---------------+-------+-----
Stealth        | 1 |  1.8
Fighting       | |  3.7
Polearms       | |  2.5
Armour         | |  3.7
Shields        | |  4.6

Action                     |  1- 3 |  4- 6 || total
---------------------------+-------+-------++-------
  Melee: Trident           |    87 |    39 ||   126
 Invoke: Sacrifice Forms   |     1 |       ||     1
 Armour: Scale mail        |    43 |    22 ||    65
  Dodge: Dodged            |    38 |    14 ||    52
  Block: Buckler           |    16 |     8 ||    24

Table legend: (Time is in decaauts)
 A = Elapsed time spent in this place.
 B = Non-inter-level travel time spent in this place.
 C = Inter-level travel time spent in this place.
 D = Time resting spent in this place.
 E = Time spent auto-exploring this place.
 F = Levels seen in this place.
 G = Mean time per level.
                   A        B        C        D        E       F      G
               +--------+--------+--------+--------+--------+-----+--------+
         Total |   1267 |   1194 |     73 |     51 |    855 |   3 |  422.3 |
       Dungeon |   1267 |   1194 |     73 |     51 |    855 |   3 |  422.3 |
               +--------+--------+--------+--------+--------+-----+--------+

Top non-repeatable levels by time:
     D:1: 913 daAuts
     D:2: 228 daAuts
     D:3: 125 daAuts
